 Dungeon Crawl Stone Soup version 0.17-a0-1093-g0b3cd89 (webtiles) character file.

161 onwiheg the Slasher (level 5, -5/45 HPs)
             Began as a Centaur Fighter on May 20, 2015.
             Was an Initiate of Trog.
             Killed by divine providence
             ... invoked by an orc priest
              (8 damage)
             ... on level 4 of the Dungeon.
             The game lasted 00:04:43 (2245 turns).

onwiheg the Slasher (Centaur Fighter)               Turns: 2245, Time: 00:04:44

Health: -5/45      AC:  6    Str: 20    XL:     5   Next: 19%
Magic:  5/5        EV:  6    Int:  7    God:    Trog [......]
Gold:   62         SH:  8    Dex:  8    Spells: 0 memorised, 4 levels left

rFire  . . .     SeeInvis .     a - +0 long sword
rCold  . . .     Clarity  .     k - +1 ring mail {rPois}
rNeg   . . .     SustAb   .     c - +0 shield
rPois  +         Gourm    .     (no helmet)
rElec  .         Spirit   .     (no cloak)
rCorr  .         Warding  .     (no gloves)
rMut   .         Rnd*Tele +     (no barding)
MR     .....                    (no amulet)
Stlth  ..........               (no ring)
                                q - ring of teleportation (curse)

@: very quick, not resistant to hostile enchantments, extremely unstealthy
A: hooves 3, deformed body, speed 2, tough skin 3
a: Burn Spellbooks, Renounce Religion, Evoke Teleportation


You were on level 4 of the Dungeon.
You worshipped Trog.
Trog was noncommittal.
You were not hungry.

You visited 1 branch of the dungeon, and saw 4 of its levels.

You collected 62 gold pieces.

Inventory:

Hand weapons
 a - a +0 long sword (weapon)
Missiles
 f - 38 poisoned needles
Armour
 b - a +0 scale mail
 c - a +0 shield (worn)
 k - a +1 ring mail of poison resistance (worn)
Jewellery
 q - a cursed ring of teleportation (left hand)
Scrolls
 h - a scroll of blinking {unknown}
 i - 2 scrolls of identify {unknown}
 j - a scroll of remove curse {unknown}
 m - a scroll of random uselessness {unknown}
 o - a scroll of fog {unknown}
Potions
 d - a potion of might
 g - a potion of invisibility {unknown}
 l - a potion of ambrosia {unknown}
 p - a potion of heal wounds {unknown}
Comestibles
 n - a meat ration
 s - a slice of pizza
 t - a bread ration


   Skills:
 - Level 3.0 Fighting
 + Level 5.0 Long Blades
 - Level 2.1 Armour
 - Level 2.1 Shields


You had 4 spell levels left.
You didn't know any spells.

Dungeon Overview and Level Annotations

Branches:
Dungeon (4/15)
 Temple: D:4-7

Altars:
Fedhas
Sif Muna
Trog

Annotations:
D:2 Sigmund, Terence


Innate Abilities, Weirdness & Mutations

You have hooves in place of feet.
Armour fits poorly on your strangely shaped body.
You cover ground very quickly.
You have extremely tough skin (AC +3).


Message History

* * * LOW HITPOINT WARNING * * *
The orc hits you with a club.
* * * LOW HITPOINT WARNING * * *
An orc comes into view. It is wielding a hand axe.
The orc shouts!
You hit the orc priest.
The orc priest is heavily wounded.
The orc priest closely misses you. The orc hits you with a hand axe.
* * * LOW HITPOINT WARNING * * *
The orc hits you but does no damage. The orc priest hits you.
* * * LOW HITPOINT WARNING * * *
You block the orc's attack. x2
An orc wizard comes into view. It is wielding a dagger.
The orc wizard shouts!
You hit the orc priest but do no damage.
Your kick misses the orc priest.
The orc priest is heavily wounded.
The orc priest invokes the aid of Beogh against you.
Something smites you!
You die...

...# ...##.
......
###+###.?....
#............
#.........#
#...oo....##.
+....@o...'oo
##...##o..##.
#...# ..#
##### ..+ .#
#


You could see an orc priest, an orc wizard and 4 orcs.

Vanquished Creatures
  An orc priest (D:3)
  Jessica (D:3)
  A centaur skeleton (D:4)
  An adder (D:3)
  3 oozes
  9 orcs (D:3)
  2 ball pythons
  7 bats
  2 giant cockroaches
  3 goblins
  3 hobgoblins
  A quokka (D:3)
  4 giant newts
  5 kobolds
  A quokka skeleton (D:4)
  8 rats
52 creatures vanquished.

Notes
Turn   | Place    | Note
--------------------------------------------------------------
     0 | D:1      | onwiheg the Centaur Fighter began the quest for the Orb.
     0 | D:1      | Reached XP level 1. HP: 19/19 MP: 1/1
   156 | D:1      | You fall through a shaft!
   161 | D:2      | Reached XP level 2. HP: 26/26 MP: 2/2
  1008 | D:2      | Noticed Terence
  1012 | D:2      | Noticed Sigmund
  1029 | D:3      | Reached XP level 3. HP: 23/31 MP: 3/3
  1403 | D:3      | Reached skill level 4 in Long Blades
  1403 | D:3      | Reached XP level 4. HP: 26/38 MP: 4/4
  1500 | D:3      | Found a bloodstained altar of Trog.
  1505 | D:3      | Became a worshipper of Trog the Wrathful
  1550 | D:3      | Found a blossoming altar of Fedhas.
  1847 | D:3      | Noticed Jessica
  1858 | D:3      | Killed Jessica
  1859 | D:3      | Found a deep blue altar of Sif Muna.
  2154 | D:4      | Reached skill level 5 in Long Blades
  2154 | D:4      | Reached XP level 5. HP: 20/45 MP: 5/5
  2211 | D:4      | Noticed an ogre
  2245 | D:4      | Killed from afar by an orc priest

Vault maps used:
D:1:      ncdulo_smallfort
D:2:      st_stairs_11, uniq_sigmund, uniq_terence
D:3:      lightli_temple_of_fire, tgw_sif, first_bread, serial_bayou_lagoon_a,
          fedhas_altar_2
D:4:      uniq_menkaure

Action                   |  1- 3 |  4- 6 || total
-------------------------+-------+-------++-------
Melee: Long sword        |    77 |    72 ||   149
  Eat: Chunk             |     1 |       ||     1
       Bread ration      |       |     1 ||     1
